 Dungeon Crawl Stone Soup version 0.32-a0-43-g058985b245 (webtiles) character file.

Game seed: 7326862880124081069

62 timneilson the Ruffian (level 4, 0/29 HPs)
             Began as an Octopode Shapeshifter on Feb 4, 2024.
             Succumbed to an adder's poison
             ... on level 2 of the Dungeon.
             The game lasted 00:01:11 (621 turns).

timneilson the Ruffian (Octopode Shapeshifter)       Turns: 621, Time: 00:01:12

Health: 0/29       AC:  1    Str: 15    XL:     4   Next: 8%
Magic:  4/4        EV: 13    Int: 12    God:
Gold:   45         SH:  0    Dex: 11    Spells: 3/3 levels left

rFire   . .          .
                       - Unarmed
rCold   . . .        (no shield)
rNeg    . . .        (helmet currently unavailable)
rPois   .            (no amulet)
rElec   .            (no ring)
rCorr   .            (no ring)
SInv    .            (no ring)
Will    .....        (no ring)
Stlth   +++          (no ring)
HPRegen 0.24/turn    (no ring)
MPRegen 0.09/turn    (no ring)
                     (no ring)

%: no passive effects
@: lethally poisoned (0 -> -3), beast-form
A: beast (slay +1), almost no armour, amphibious, 8 rings, camouflage 1,
gelatinous body 1, (nimble swimmer 1), tentacles
a: Begin Untransformation


You were on level 2 of the Dungeon.
You were a hulking beast.
You visited 1 branch of the dungeon, and saw 2 of its levels.

You collected 45 gold pieces.

Inventory:

Talismans
 b - a beast talisman
 c - a flux talisman
Scrolls
 i - a scroll of fog
Potions
 a - a potion of lignification
 e - a potion of attraction
 g - a potion of haste {unknown}
 j - a potion of magic {unknown}
 k - a potion of degeneration {unknown}


   Skills:
 * Level 1.9 Fighting
 * Level 2.7 Dodging
 + Level 1.4 Stealth
 * Level 3.3 Unarmed Combat
 * Level 3.3 Shapeshifting


You had 3 spell levels left.
You didn't know any spells.
Your spell library was empty.

Dungeon Overview and Level Annotations

Branches:
Dungeon (2/15)

Altars:


Innate Abilities, Weirdness & Mutations

You are a hulking beast.
Your limbs bulge with bestial killing power. (Slay +1)
You cannot wear most types of armour.
You are amphibious.
You can wear up to eight rings at the same time.
Your skin changes colour to match your surroundings (Stealth+).
Your rubbery body absorbs attacks. (AC +1, EV +1)
((You are camouflaged when in or above water. (Stealth+)))
You have tentacles for arms and can constrict up to eight enemies at once.


Message History

You kill the quokka!
An endoplasm comes into view.
The jackal bites you.
The endoplasm quivers.
You tentacle-slap the jackal but do no damage.
Your grab misses the jackal. The jackal barely misses you.
You tentacle-slap the jackal.
You kill the jackal!
The adder barely misses you.
You see here 11 gold pieces.
You miss the adder. You grab the adder.
You constrict the adder, but do no damage.
The adder misses you.
You barely miss the adder.
You squeeze the adder, but do no damage.
You constrict the adder. The adder bites you. The rat closely misses you.
The adder bites you.
You are too injured to fight recklessly!
You are too injured to fight recklessly!
You completely miss the adder.
You squeeze the adder, but do no damage.
The adder is lightly wounded.
You constrict the adder. The adder bites you.
* * * LOW HITPOINT WARNING * * *
You are poisoned.
The adder poisons you! The rat misses you.
You tentacle-slap the adder. You squeeze the adder!
You kill the adder!
* * * LOW HITPOINT WARNING * * *
You feel sick. The rat completely misses you.
You have reached level 4!
You tentacle-slap the endoplasm.
The endoplasm is heavily wounded.
You feel sick. The rat bites you but does no damage. The endoplasm freezes you.
You are frozen.
* * * LOW HITPOINT WARNING * * *
You barely miss the endoplasm.
The endoplasm is heavily wounded.
You die...

#.# ..#####
.......
#####.....#
######.........##
................#
.......<)..^..#..
......##.h....<..
..... #)rJ......
###. #..)...... #
####...##. #.....
...#. .... ....
...


You could see an endoplasm and a rat.

Vanquished Creatures
  An adder (D:2)
  A gnoll (D:1)
  A dart slug (D:1)
  5 bats (D:1)
  4 endoplasms (D:1)
  A giant cockroach (D:1)
  2 goblins (D:1)
  4 hobgoblins (D:1)
  3 jackals (D:2)
  3 quokkas
  4 ball pythons (D:1)
  2 frilled lizards
  6 kobolds
  2 rats (D:1)
39 creatures vanquished.

Notes
Turn   | Place    | Note
-------+----------+-------------------------------------------
     0 | D:1      | timneilson the Octopode Shapeshifter began the quest for
                  | the Orb.
     0 | D:1      | Reached XP level 1. HP: 13/13 MP: 1/1
    89 | D:1      | Reached XP level 2. HP: 17/18 MP: 2/2
   237 | D:1      | Reached skill level 1 in Stealth
   286 | D:1      | Reached XP level 3. HP: 21/23 MP: 3/3
   620 | D:2      | Reached XP level 4. HP: 7/29 MP: 4/4
   620 | D:2      | HP: 1/29 [frozen (5)]
   621 | D:2      | Succumbed to an adder's poison

Illustrated notes

Levels and vault maps discovered:
D:1:      wander_arrival_desolate, layout_rooms, minivault_11,
          hangedman_feature_mirror, minmay_misc_feat_encased, minivault_14
D:2:      layout_rooms, dilly_ecumenical_altar_fadedgnrine

Skill      XL: |  1  2 |
---------------+-------+-----
Stealth        | 1 |  1.4
Fighting       | |  1.9
Dodging        | |  2.7
Unarmed Combat | |  3.3
Shapeshifting  | |  3.3

Action                     |  1- 3 |  4- 6 || total
---------------------------+-------+-------++-------
  Melee: Unarmed           |    67 |     2 ||    69
         Constrict         |    18 |       ||    18
         Tentacles         |    18 |       ||    18
         Punch             |     1 |       ||     1
    Use: Scroll            |     4 |       ||     4
   Stab: Sleeping          |     7 |       ||     7
 Armour: Skin              |    28 |     1 ||    29
  Dodge: Dodged            |    40 |       ||    40

Table legend: (Time is in decaauts)
 A = Elapsed time spent in this place.
 B = Non-inter-level travel time spent in this place.
 C = Inter-level travel time spent in this place.
 D = Time resting spent in this place.
 E = Time spent auto-exploring this place.
 F = Levels seen in this place.
 G = Mean time per level.
                   A        B        C        D        E       F      G
               +--------+--------+--------+--------+--------+-----+--------+
         Total |    617 |    587 |     30 |      0 |    397 |   2 |  308.5 |
       Dungeon |    617 |    587 |     30 |      0 |    397 |   2 |  308.5 |
               +--------+--------+--------+--------+--------+-----+--------+

Top non-repeatable levels by time:
     D:1: 594 daAuts
     D:2: 22 daAuts
